 Dungeon Crawl Stone Soup version 0.23-a0-484-g29ba69c (webtiles) character file.

79 galech the Skirmisher (level 4, -2/35 HPs)
             Began as a Demonspawn Fighter on Nov 30, 2018.
             Slain by a hornet zombie (6 damage)
             ... on level 3 of the Dungeon.
             The game lasted 00:01:49 (1954 turns).

galech the Skirmisher (Demonspawn Fighter)          Turns: 1954, Time: 00:01:49

Health: -2/35      AC:  6    Str: 16    XL:     4   Next: 17%
Magic:  4/4        EV:  7    Int:  9    God:
Gold:   70         SH:  9    Dex: 14    Spells: 3/3 levels left

rFire    . . .     SeeInvis .   a - +0 war axe
rCold    . . .     Gourm    .   c - +0 shield
rNeg     . . .     Faith    .   b - +0 scale mail
rPois    .         Spirit   .   (helmet restricted)
rElec    .         Reflect  .   (no cloak)
rCorr    .         Harm     .   (no gloves)
MR       .....                  (no boots)
Stlth    ..........             (no amulet)
HPRegen  0.11/turn              (no ring)
MPRegen  0.09/turn              (no ring)

@: no status effects
A: antennae 1
a: no special abilities


You were on level 3 of the Dungeon.
You were hungry.

You visited 1 branch of the dungeon, and saw 3 of its levels.

You collected 70 gold pieces.

Inventory:

Hand Weapons
 a - a +0 war axe (weapon)
Armour
 b - a +0 scale mail (worn)
 c - a +0 shield (worn)
Scrolls
 g - a scroll of immolation {unknown}
 h - a scroll of teleportation {unknown}
 k - 3 scrolls of enchant weapon {unknown}
 l - 3 scrolls of identify {unknown}
 m - a scroll of fear {unknown}
 n - a scroll of blinking {unknown}
 o - 2 scrolls of amnesia {unknown}
 p - a scroll of enchant armour {unknown}
 q - 2 scrolls of remove curse {unknown}
Potions
 d - a potion of mutation {unknown}
 i - a potion of degeneration {unknown}
Comestibles
 f - 7 rations
 j - a chunk of flesh


   Skills:
 + Level 3.3 Fighting
 + Level 2.8 Axes
 + Level 3.1 Armour
 + Level 0.5 Dodging
 + Level 3.2 Shields


You had 3 spell levels left.
You didn't know any spells.
Your spell library was empty.

Dungeon Overview and Level Annotations

Branches:
Dungeon (3/15)

Altars:


Innate Abilities, Weirdness & Mutations

You have a pair of small antennae on your head.


Message History

The hornet zombie is severely damaged.
You block the hornet zombie's attack. The hornet zombie hits you.
* * * LOW HITPOINT WARNING * * *
You hit the hornet zombie but do no damage.
The hornet zombie is severely damaged.
You block the hornet zombie's attack.
You barely miss the hornet zombie.
The hornet zombie is severely damaged.
The hornet zombie barely misses you. The hornet zombie closely misses you.
Your shield prevents you from hitting the hornet zombie.
The hornet zombie is severely damaged.
The hornet zombie hits you but does no damage. x2
You slash the hornet zombie!
The hornet zombie is almost destroyed.
You block the hornet zombie's attack. The hornet zombie hits you.
* * * LOW HITPOINT WARNING * * *
You closely miss the hornet zombie.
The hornet zombie is almost destroyed.
The hornet zombie hits you.
You die...

## #.. #
#.#
#.###.###
#.#.....#
.......#
#Z....#
#.@...#
#..<..#
#.....#
#.....#
#.....#
#######


You could see a hornet zombie.

Vanquished Creatures
  2 adders (D:2)
  3 worms (D:2)
  3 dart slugs
  2 leopard geckos
  6 bats
  A giant cockroach (D:1)
  5 goblins (D:2)
  4 hobgoblins (D:2)
  6 jackals
  3 quokkas (D:2)
  A frilled lizard (D:1)
  4 kobolds
  2 rats (D:1)
42 creatures vanquished.

Notes
Turn   | Place    | Note
-------+----------+-------------------------------------------
     0 | D:1      | galech the Demonspawn Fighter began the quest for the Orb.
     0 | D:1      | Reached XP level 1. HP: 18/18 MP: 1/1
   193 | D:1      | Gained mutation: You have a pair of small antennae on your
                  | head. [demonic ancestry]
   193 | D:1      | Reached XP level 2. HP: 24/24 MP: 2/2
   829 | D:2      | Reached XP level 3. HP: 22/29 MP: 3/3
  1433 | D:2      | Reached XP level 4. HP: 13/35 MP: 4/4
  1954 | D:3      | Slain by a hornet zombie

Vault maps used:
D:1:      scummos_arrival_simple_crosswalls
D:2:      minmay_split_cup_large
D:3:      uniq_ijyb, uniq_terence

Skill      XL: |  1  2  3 |
---------------+----------+-----
Shields        | 3 |  3.2
Axes           | 2 |  2.8
Armour         | 3 |  3.1
Fighting       | |  3.3
Dodging        | |  0.5

Action                   |  1- 3 |  4- 6 || total
-------------------------+-------+-------++-------
Melee: War axe           |   114 |    32 ||   146
  Use: Potion            |     2 |       ||     2
  Eat: Chunk             |     2 |     1 ||     3
Armor: Scale mail        |    57 |    15 ||    72
Dodge: Dodged            |    42 |     9 ||    51
Block: Shield            |    84 |    19 ||   103

Table legend:
 A = Non-vault XP
 B = Vault XP
 C = Vault XP percentage of total XP
 D = Non-vault monster count
 E = Vault monster count
 F = Vault count percentage of total count
                 A         B        C        D         E       F
            +---------+---------+-------+---------+---------+-------
      Total |      93 |      21 |  18.4 |      37 |       5 |  11.9
            +---------+---------+-------+---------+---------+-------
        D:1 |      26 |       0 |   0.0 |      13 |       0 |   0.0
        D:2 |      67 |      21 |  23.9 |      24 |       5 |  17.2
            +---------+---------+-------+---------+---------+-------
